 Dungeon Crawl Stone Soup version 0.29.1-2-gbd0b4ee654 (webtiles) character file.

Game seed: 13205008796085953659

332363 quakins the Warrior (level 20, -17/213 HPs)
             Began as a Troll Transmuter on Oct 25, 2022.
             Was a High Priest of Okawaru.
             Demolished by an orc warlord
             ... wielding a +2 battleaxe
              (33 damage)
             ... on level 1 of the Vaults.
             The game lasted 02:14:20 (49648 turns).

quakins the Warrior (Troll Transmuter)             Turns: 49648, Time: 02:14:20

Health: -17/213    AC: 27    Str: 37    XL:     20   Next: 89%
Magic:  16/25      EV: 12    Int:  9    God:    Okawaru [*****.]
Gold:   1922       SH:  5    Dex:  9    Spells: 19/27 levels left

rFire   + . .      SeeInvis +     - Unarmed
rCold   + . .      Faith    .   (shield currently unavailable)
rNeg    + + .      Spirit   .   U - +3 shadow dragon scales of Ataelid {Rampage Dex+2 Stlth++++}
rPois   +          Reflect  +   N - +2 hat {Will+}
rElec   .          Harm     .   L - +2 cloak of the Thief {*Fog Slay-2 SInv Stlth+}
rCorr   .          Rampage  +   (gloves unavailable)
Will    ++...                   (boots unavailable)
Stlth   +++++.....              W - amulet of reflection
HPRegen 1.25/turn               c - ring of Lubeqewieth {rF+ rC+ rN++ Str+8 Dex-3}
MPRegen 0.19/turn               O - ring of poison resistance

@: blade hands (expiring), heroic, finesse-ful
A: large, unfitting armour, claws 3, regeneration 1, shaggy fur 1, tough skin 1
}: 2/15 runes: decaying, serpentine
a: End Transformation, Renounce Religion, Heroism, Finesse, Duel


You were on level 1 of the Vaults.
You worshipped Okawaru.
Okawaru was extremely pleased with you.
You had blades for hands.
You visited 7 branches of the dungeon, and saw 33 of its levels.
You also visited: Sewer, Gauntlet and Ice Cave.

You collected 4680 gold pieces.
You spent 2758 gold pieces at shops.

Inventory:

Missiles
 o - 32 large rocks (quivered)
 q - 6 silver javelins
 v - 9 curare-tipped darts
 J - 9 atropa-tipped darts
 K - 7 throwing nets
 Y - 17 javelins
Armour
 F - a +4 kite shield (melded)
 L - the +2 cloak of the Thief (worn) {*Fog Slay-2 SInv Stlth+}
   (You found it on level 8 of the Dungeon)

   It may release a thick cloud of smoke when the wearer is hurt.
   Slay:      It affects your accuracy & damage with ranged weapons and melee
   (-2).
   SInv:      It lets you see invisible.
   Stlth:     It makes you more stealthy.
 N - a +2 hat of willpower (worn)
 U - the +3 shadow dragon scales of Ataelid (worn) {Rampage Dex+2 Stlth++++}
   (Okawaru gifted it to you on level 10 of the Dungeon)

   Dex:       It affects your dexterity (+2).
   Rampage:   It bestows one free step when moving towards enemies.
   Stlth:     It makes you much more stealthy.
Jewellery
 c - the ring of Lubeqewieth (left blade hand) {rF+ rC+ rN++ Str+8 Dex-3}
   (You acquired it on level 1 of the Orcish Mines)

   [ring of protection from fire]

   Str:       It affects your strength (+8).
   Dex:       It affects your dexterity (-3).
   rF:        It protects you from fire.
   rC:        It protects you from cold.
   rN:        It greatly protects you from negative energy.
 m - a ring of protection from cold
 n - a ring of fire
 w - a ring of willpower
 z - an amulet of the acrobat
 B - a ring of flight
 E - a ring of willpower
 H - a +4 ring of protection
 O - a ring of poison resistance (right blade hand)
 W - an amulet of reflection (around neck)
 Z - a ring of protection from cold
Wands
 x - a wand of mindburst (10)
 y - a wand of acid (11)
 A - a wand of polymorph (22)
 G - a wand of digging (17)
 I - a wand of roots (23)
 R - a wand of paralysis (16)
 V - a wand of flame (53)
Scrolls
 b - 7 scrolls of immolation
 e - 3 scrolls of magic mapping
 g - a scroll of enchant armour
 i - 9 scrolls of blinking
 j - 4 scrolls of poison
 k - 9 scrolls of fear
 l - 2 scrolls of amnesia
 p - 20 scrolls of teleportation
 D - a scroll of silence
 M - 4 scrolls of torment
 T - 4 scrolls of vulnerability
Potions
 d - 3 potions of invisibility
 f - 14 potions of curing
 h - 5 potions of heal wounds
 r - 2 potions of might
 s - 6 potions of brilliance
 t - 4 potions of magic
 u - 12 potions of haste
 C - 5 potions of resistance
 P - 11 potions of mutation
 Q - 5 potions of cancellation
 S - 4 potions of ambrosia
 X - a potion of berserk rage
Miscellaneous
 a - a phial of floods


   Skills:
 - Level 16.0(21.0) Fighting
 - Level 8.0(13.0) Throwing
 - Level 6.0(11.0) Armour
 - Level 12.0(17.0) Dodging
 - Level 10.0(15.0) Shields
 - Level 14.0(19.0) Unarmed Combat
 - Level 4.0 Spellcasting
 + Level 14.6 Transmutations
 - Level 6.0 Invocations
 - Level 6.0 Evocations


You had 19 spell levels left.
You knew the following spells:

 Your Spells              Type           Power      Damage    Failure   Level
a - Beastly Appendage     Tmut           56%        N/A       9%          1
b - Blade Hands           Tmut           14%        N/A       34%         5
c - Wereblood             Tmut           28%        N/A       10%         2

Your spell library contained the following spells:

 Spells                   Type           Power      Damage    Failure   Level
 Sting                    Tmut/Pois      60%        1d6       30%         1
 Spider Form              Tmut/Pois      15%        N/A       50%         3
 Ice Form                 Ice/Tmut       15%        N/A       78%         4
 Petrify                  Tmut/Erth      15%        N/A       78%         4
 Foxfire                  Conj/Fire      4%         2x1d4     93%         1
 Necrotise                Necr           4%         1d4       93%         1
 Shock                    Conj/Air       4%         1d3       93%         1
 Slow                     Hex            4%         N/A       93%         1
 Irradiate                Conj/Tmut      7%         3d14      96%         5
 Blink                    Tloc           2%         N/A       97%         2
 Ensorcelled Hibernation  Hex/Ice        2%         N/A       97%         2
 Poisonous Vapours        Pois/Air       2%         N/A       97%         2
 Sublimation of Blood     Necr           1%         N/A       97%         2
 Confusing Touch          Hex            1%         N/A       99%         3
 Conjure Flame            Conj/Fire      1%         6-21      99%         3
 Dazzling Flash           Conj/Hex       2%         N/A       99%         3
 Inner Flame              Hex/Fire       1%         N/A       99%         3
 Ozocubu's Armour         Ice            1%         N/A       99%         3
 Portal Projectile        Hex/Tloc       2%         N/A       99%         3
 Swiftness                Air            1%         N/A       99%         3
 Vampiric Draining        Necr           1%         2d6       99%         3
 Dragon Form              Tmut           14%        N/A       99%         7
 Airstrike                Air            0%         2d(1-17)  100%        4
 Anguish                  Hex/Necr       0%         N/A       100%        4
 Cause Fear               Hex            0%         N/A       100%        4
 Flame Wave               Conj/Fire      1%         2d4       100%        4
 Fulminant Prism          Conj/Hex       0%         3d6       100%        4
 Iskenderun's Mystic Bla  Conj/Tloc      1%         2d3       100%        4
 Olgreb's Toxic Radiance  Pois           1%         N/A       100%        4
 Agony                    Necr           1%         N/A       100%        5
 Freezing Cloud           Conj/Ice/Air   0%         6-21      100%        5
 Iskenderun's Battlesphe  Conj           1%         2d6       100%        5
 Lee's Rapid Deconstruct  Erth           0%         3d5*      100%        5
 Lightning Bolt           Conj/Air       0%         1d11      100%        5
 Manifold Assault         Tloc           1%         N/A       100%        5
 Metabolic Englaciation   Hex/Ice        0%         N/A       100%        5
 Silence                  Hex/Air        0%         N/A       100%        5
 Iron Shot                Conj/Erth      0%         9d1       100%        6
 Statue Form              Tmut/Erth      10%        N/A       100%        6
 Ozocubu's Refrigeration  Ice            0%         4d7       100%        7
 Storm Form               Tmut/Air       7%         N/A       100%        7
 Polar Vortex             Ice            0%         N/A       100%        9
 Tukima's Dance           Hex            Unusable   N/A       N/A         3
 Summon Lightning Spire   Summ/Air       Unusable   N/A       N/A         4
 Simulacrum               Ice/Necr       Unusable   N/A       N/A         6
 Spellforged Servitor     Conj/Summ      Unusable   N/A       N/A         7
 Dragon's Call            Summ           Unusable   N/A       N/A         9

Dungeon Overview and Level Annotations

Branches:
Dungeon (15/15)            Temple (1/1) D:6            Lair (5/5) D:9
  Swamp (4/4) Lair:2        Snake (4/4) Lair:3        Slime (0/5) Lair:5
    Orc (2/2) D:10            Elf (0/3) Orc:2        Vaults (2/5) D:14
 Depths (0/4) D:15          Sewer (visited)           IceCv (visited)
Gauntlet (visited)
  Crypt: Vaults:2-3

Altars:
Ashenzari
Cheibriados
Dithmenos
Elyvilon
Fedhas
Gozag
Hepliaklqana
Kikubaaqudgha
Makhleb
Nemelex Xobeh
Okawaru
Qazlal
Ru
Sif Muna
Trog
Uskayaw
Vehumet
Wu Jian
Xom
Yredelemnul
Zin
The Shining One
Jiyva

Shops:
D:7 [   Orc:1 !   Orc:2 *:***   Snake:3 :[?[   Snake:4 (

Portals:
Trove: D:15 (give +7 demon whip)

Annotations:
D:5 3 runed translucent doors, Arctor's ghost, novice DsGl
D:10 3 runed translucent doors, avis's ghost, novice DgIE


Innate Abilities, Weirdness & Mutations

You have blades for hands.
Your spellcasting is less reliable in this form.
You are incapable of wielding weapons or throwing items.
You are too large for most types of armour.
You have claws for hands.
Your natural rate of healing is unusually fast.
You are covered in fur. (AC +1)
You have tough skin. (AC +1)


Message History

An orc warrior comes into view. It is wielding a +0 glaive.
The slime creature hits you.
The orc knight hits you from afar with a +0 glaive!
You climb upwards.
There is a stone staircase leading down here.
Your transformation is almost over.
The slime creature hits you but does no damage.
You climb downwards.
The slime creature hits you but does no damage.
The orc knight hits you from afar with a +0 glaive!
* * * LOW HITPOINT WARNING * * *
There is a stone staircase leading up, spattered with blood here.
The slime creature completely misses you.
You block the orc warlord's attack.
The orc knight hits you from afar with a +0 glaive.
* * * LOW HITPOINT WARNING * * *
The slime creature completely misses you.
You climb upwards.
There is a stone staircase leading down here.
You gain the combat prowess of a mighty hero.
The orc warlord hits you but does no damage.
The slime creature hits you.
* * * LOW HITPOINT WARNING * * *
The slime creature closely misses you.
You can now deal lightning-fast blows.
The orc warlord misses you.
The slime creature hits you but does no damage.
The slime creature misses you.
You shred the orc warlord!!!!
The orc warlord is almost dead.
The orc warlord hits you with a +2 battleaxe!!
* * * LOW HITPOINT WARNING * * *
With a swish of your cloak, you release a cloud of fog.
The slime creature hits you!
* * * LOW HITPOINT WARNING * * *
As you read the scroll of fear, it crumbles to dust.
You assume a fearsome visage.
The orc warlord easily resists.
The slime creature looks frightened! x2
The orc warlord hits you with a +2 battleaxe!!
You die...

#############
########.....J.§...#
#......'...§o§J§...#
#......#...§§@§§...########
#......#...§§§§....'......#
#......'....§§§§...#......#
#......#...........#......#
#......#...........#......#
#......#############......#
#......# #......# #......#
######## #......#


You could see an orc warlord (strong) and 2 slime creatures.

Vanquished Creatures
  Vashnia (Snake:3)
  Bai Suzhen (Swamp:3)
  A sphinx (Vaults:2)
  Gastronok (D:10)
  2 thorn hunters (Swamp:4)
  Kirke (Swamp:4)
  2 fenstrider witches
  6 nagarajas
  A fire giant (Vaults:1)
  Aizul (Snake:2)
  A frost giant (IceCv)
  3 vault wardens (Vaults:1)
  A quicksilver ooze (Gauntlet)
  7 very ugly things (Vaults:1)
  A war gargoyle (D:13)
  3 ironbound preservers
  3 ironbound thunderhulks (Vaults:1)
  Nessos (Orc:2)
  2 entropy weavers (Vaults:1)
  7 bunyips
  4 eleionomae
  A minotaur (Gauntlet)
  6 dire elephants
  3 ettins (D:13)
  The ghost of quakins the Fighter, a journeyman TrTm of Okawaru (Lair:1)
  Josephine (Lair:5)
  3 shambling mangroves
  Harold (Lair:1)
  2 great orbs of eyes
  3 fire dragons
  4 ghost crabs
  Fannar (Lair:2)
  2 yaktaur captains
  A peacekeeper (Vaults:1)
  7 boulder beetles
  8 centaur warriors
  32 hydras
  4 ogre magi (Orc:2)
  A salamander tyrant (Snake:2)
  2 catoblepae (Lair:5)
  10 anacondas
  22 two-headed ogres
  4 ironbound frosthearts (Vaults:1)
  2 death knights (D:13)
  13 naga warriors
  A dancing weapon (Lair:1)
  A vampire mage (D:15)
  7 alligators
  2 tengu warriors
  An orc high priest (Orc:1)
  18 death yaks
  Urug (Lair:1)
  A deep elf knight (Swamp:4)
  17 naga sharpshooters
  7 shock serpents
  4 salamander mystics
  Amaemon (Lair:1)
  A spark wasp zombie (D:15)
  6 sea snakes (Snake:4)
  2 goliath frogs (Swamp:4)
  2 skeletal warriors (D:15)
  7 naga ritualists
  13 swamp dragons
  A glowing orange brain (Vaults:2)
  A flayed ghost (D:13)
  A deep elf archer (Swamp:4)
  12 deep trolls
  8 bog bodies
  4 wizards
  7 lindwurms
  6 spriggan druids
  An ironbound convoker (Vaults:1)
  7 cyclopes
  3 necromancers
  18 ugly things
  An oklob plant (D:14)
  3 orc knights
  A faun (shapeshifter) (D:15)
  3 deep elf pyromancers
  3 will-o-the-wisps
  2 manticores (Lair:5)
  A moth of wrath (Gauntlet)
  6 mana vipers
  2 wolf spiders (Lair:5)
  5 orc sorcerers
  13 elephants
  3 sphinx skeletons (D:15)
  8 salamanders
  9 vault sentinels
  16 naga magi
  6 torpor snails (Lair:5)
  43 black mambas
  3 guardian serpents (Snake:4)
  An orange demon (Lair:1)
  An ice statue (IceCv)
  A kobold demonologist (D:7)
  4 gargoyles
  Maggie (D:9)
  20 cane toads
  An efreet (D:13)
  13 rime drakes
  2 freezing wraiths (D:13)
  12 komodo dragons
  2 ice devils (Lair:1)
  15 yaktaurs
  A tengu conjurer (D:15)
  6 meliai
  7 trolls
  16 tyrant leeches
  7 polar bears
  A hornet (shapeshifter) (D:13)
  12 dream sheep
  A raiju (Swamp:4)
  14 hornets
  27 slime creatures
  39 blink frogs
  A blink frog (shapeshifter) (D:14)
  6 spriggans (Swamp:3)
  Sigmund (D:2)
  5 wyverns
  A spriggan (shapeshifter) (D:13)
  11 wraiths
  3 humans
  48 yaks
  A steam dragon (D:8)
  3 basilisks
  4 hogs
  7 vampire mosquitoes
  A redback (Vaults:1)
  45 nagas
  5 large abominations (D:12)
  15 swamp worms
  2 wargs
  Duvessa (D:4)
  2 acid dragons
  14 water moccasins
  22 orc warriors
  A black bear (shapeshifter) (D:15)
  7 small abominations (D:12)
  4 swamp drakes
  3 black bears
  3 ice beasts
  A sky beast (D:7)
  25 ogres
  8 centaurs
  13 wolves
  A boggart (Vaults:2)
  2 phantoms
  Blork the orc (D:5)
  A kobold brigand (D:11)
  3 gnoll sergeants
  2 necrophages
  10 bullfrogs
  2 scorpions (D:6)
  Dowan (D:4)
  23 wights
  2 hornet simulacra
  24 killer bees
  2 electric eels
  4 howler monkeys
  16 jellies
  A gnoll bouda (D:7)
  8 orc priests
  3 hounds
  Jessica (D:2)
  An iguana (Lair:2)
  17 orc wizards
  24 gnolls
  10 adders
  4 shadow imps
  2 ufetubi
  A worm (Sewer)
  5 dart slugs
  60 orcs
  30 endoplasms
  4 giant cockroaches
  10 goblins
  3 hobgoblins
  6 quokkas
  11 ball pythons
  4 bats
  7 frilled lizards
  14 kobolds
  16 rats
1276 creatures vanquished.

Vanquished Creatures (others)
  A bloated husk (Swamp:3)
  A spriggan (Swamp:3)
  2 bushes (D:15)
  4 foxfires (Swamp:3)
  71 fungi
  94 plants
  2 withered plants (D:15)
175 creatures vanquished.

Grand Total: 1451 creatures vanquished

Notes
Turn   | Place    | Note
-------+----------+-------------------------------------------
     0 | D:1      | quakins the Troll Transmuter began the quest for the Orb.
     0 | D:1      | Reached XP level 1. HP: 18/18 MP: 1/1
   243 | D:1      | Reached XP level 2. HP: 25/26 MP: 2/2
   279 | D:1      | Got the Anthology of Blazing Shapeshifting
   339 | D:1      | Found a faded altar of an unknown god.
   501 | D:1      | Reached XP level 3. HP: 31/32 MP: 3/3
   824 | D:2      | Noticed Jessica
   834 | D:2      | Killed Jessica
   853 | D:2      | Reached XP level 4. HP: 40/40 MP: 4/4
   868 | D:2      | Noticed Sigmund
   881 | D:2      | Killed Sigmund
   882 | D:2      | Reached XP level 5. HP: 46/46 MP: 2/5
  1040 | D:2      | Identified the +1 robe "Mapt" {rF- Str+5}
  1830 | D:3      | Found a hide-covered altar of Uskayaw.
  1937 | D:3      | Reached XP level 6. HP: 54/54 MP: 6/6
  2095 | D:3      | Found a radiant altar of Vehumet.
  3089 | D:4      | Found a broken altar of Ashenzari.
  3092 | D:4      | Found a burning altar of Makhleb.
  3188 | D:4      | Found an opulent altar of Gozag.
  3234 | D:4      | Reached XP level 7. HP: 61/61 MP: 7/7
  3340 | D:4      | Found a glowing drain.
  3344 | Sewer    | Entered a sewer
  3433 | Sewer    | Found a viscous altar of Jiyva.
  3966 | D:4      | Noticed Duvessa
  3966 | D:4      | Noticed Dowan
  3991 | D:4      | Killed Duvessa
  4002 | D:4      | Killed Dowan
  4181 | D:4      | You fall into a shaft and drop 2 floors!
  4231 | D:5      | Entered Level 5 of the Dungeon
  4329 | D:5      | Reached XP level 8. HP: 19/68 MP: 8/8
  4505 | D:5      | Found a runed translucent gate.
  4506 | D:5      | Found a runed translucent gate.
  4506 | D:5      | Noticed Arctor's ghost (novice DsGl)
  4507 | D:5      | Found a runed translucent gate.
  4514 | D:5      | Noticed Blork the orc
  4524 | D:5      | Killed Blork the orc
  4525 | D:5      | Reached skill level 10 in Unarmed Combat
  4525 | D:5      | Reached skill level 1 in Fighting
  4766 | D:5      | Reached skill level 2 in Fighting
  4808 | D:5      | Reached skill level 3 in Fighting
  5614 | D:6      | Found a staircase to the Ecumenical Temple.
  5629 | Temple   | Entered the Ecumenical Temple
  5648 | Temple   | Became a worshipper of Warmaster Okawaru
  5943 | D:6      | Reached skill level 4 in Fighting
  6211 | D:6      | Reached skill level 5 in Fighting
  6513 | D:6      | Found a sparkling altar of Nemelex Xobeh.
  6824 | D:7      | Reached * piety under Okawaru
  6825 | D:7      | Reached XP level 9. HP: 86/89 MP: 9/9
  6905 | D:7      | Found a runed translucent door.
  6911 | D:7      | Found a basalt altar of Yredelemnul.
  6923 | D:7      | Reached skill level 6 in Fighting
  7000 | D:7      | Reached skill level 7 in Fighting
  7034 | D:7      | Noticed a kobold demonologist
  7046 | D:7      | Noticed a sun demon
  7147 | D:7      | Noticed a hellwing
  7451 | D:7      | Found a shadowy altar of Dithmenos.
  7453 | D:7      | Found a stormy altar of Qazlal.
  7520 | D:7      | Found Dona's Antique Armour Emporium.
  7534 | D:7      | Reached ** piety under Okawaru
  7563 | D:7      | Reached skill level 8 in Fighting
  7756 | D:7      | Found a snail-covered altar of Cheibriados.
  8026 | D:7      | Killed a kobold demonologist
  8027 | D:7      | Reached skill level 9 in Fighting
  8282 | D:8      | Reached *** piety under Okawaru
  8283 | D:8      | Reached XP level 10. HP: 76/107 MP: 10/10
  8520 | D:8      | Reached skill level 10 in Fighting
  8731 | D:8      | Found the +2 cloak of the Thief {*Fog Slay-2 SInv Stlth+}
  8828 | D:8      | Reached **** piety under Okawaru
  9473 | D:9      | Noticed a four-headed hydra
  9620 | D:9      | Reached skill level 11 in Fighting
  9641 | D:9      | Noticed a two-headed ogre
  9654 | D:9      | Killed a two-headed ogre
  9668 | D:9      | Killed a four-headed hydra
  9669 | D:9      | Reached skill level 12 in Fighting
  9669 | D:9      | Reached XP level 11. HP: 123/123 MP: 9/11
  9825 | D:9      | Noticed Maggie
  9835 | D:9      | Killed Maggie
 10005 | D:9      | Reached ***** piety under Okawaru
 10482 | D:9      | Found a staircase to the Lair.
 10642 | D:9      | Noticed a two-headed ogre
 10655 | D:9      | Killed a two-headed ogre
 11268 | D:10     | Entered Level 10 of the Dungeon
 11340 | D:10     | Reached skill level 5 in Dodging
 11461 | D:10     | Found a runed translucent gate.
 11461 | D:10     | Found a runed translucent gate.
 11461 | D:10     | Found a runed translucent gate.
 11464 | D:10     | Noticed avis's ghost (novice DgIE)
 11495 | D:10     | Found a sacrificial altar of Ru.
 11562 | D:10     | Noticed Gastronok
 11591 | D:10     | Killed Gastronok
 11591 | D:10     | Identified the +3 shadow dragon scales of Ataelid {Rampage
                  | Dex+2 Stlth++++} (Okawaru gifted it to you on level 10 of
                  | the Dungeon)
 11591 | D:10     | Received a gift from Okawaru
 11722 | D:10     | Reached skill level 1 in Shields
 11765 | D:10     | Found a staircase to the Orcish Mines.
 11768 | D:10     | Noticed an orc knight
 11803 | D:10     | Killed an orc knight
 12169 | D:10     | Found a blossoming altar of Fedhas.
 12305 | D:11     | Noticed a two-headed ogre
 12320 | D:11     | Reached skill level 5 in Shields
 12321 | D:11     | Killed a two-headed ogre
 12649 | D:11     | Noticed a seven-headed hydra
 12662 | D:11     | HP: 3/123 [killer bee (7)]
 12765 | Lair:1   | Entered Level 1 of the Lair of Beasts
 12841 | Lair:1   | Noticed Amaemon
 12867 | D:9      | Reached XP level 12. HP: 115/132 MP: 12/12
 12919 | Lair:1   | Killed Amaemon
 12966 | Lair:1   | Noticed Harold
 13014 | Lair:1   | Killed Harold
 13095 | Lair:1   | Found a frozen archway.
 13125 | IceCv    | Entered an ice cave
 13153 | IceCv    | Noticed a death yak
 13156 | IceCv    | Noticed a death yak
 13172 | IceCv    | Killed a death yak
 13183 | IceCv    | Killed a death yak
 13397 | IceCv    | Noticed a death yak
 13401 | IceCv    | Noticed a death yak
 13420 | IceCv    | Killed a death yak
 13420 | IceCv    | Reached ****** piety under Okawaru
 13426 | IceCv    | Killed a death yak
 13530 | IceCv    | Noticed a frost giant
 13530 | IceCv    | Noticed a death yak
 13581 | IceCv    | Killed a death yak
 13585 | IceCv    | Reached skill level 10 in Dodging
 13636 | IceCv    | Killed a frost giant
 13723 | IceCv    | Noticed a death yak
 13843 | IceCv    | Killed a death yak
 13850 | IceCv    | Identified the -1 hat of the Special Demons {rF+ Will-
                  | Str+2 Int+7} (Okawaru gifted it to you in an ice cave)
 13850 | IceCv    | Received a gift from Okawaru
 13931 | IceCv    | Reached XP level 13. HP: 134/140 MP: 13/13
 14161 | Lair:1   | Noticed Urug
 14179 | Lair:1   | Killed Urug
 14612 | Lair:1   | Found a runed translucent door.
 14612 | Lair:1   | Found a shimmering altar of Xom.
 14612 | Lair:1   | Noticed quakins's ghost (journeyman TrTm)
 14612 | Lair:1   | Found the +8 arc blade {discharge, rElec}
 14919 | Lair:1   | Killed quakins's ghost
 14920 | Lair:1   | Reached skill level 10 in Shields
 15209 | Lair:2   | Identified the +9 great mace "Rybio" {speed, Int+5}
                  | (Okawaru gifted it to you on level 2 of the Lair of Beasts)
 15209 | Lair:2   | Received a gift from Okawaru
 15386 | Lair:2   | Noticed Fannar
 15402 | Lair:2   | Killed Fannar
 15934 | Lair:2   | Identified the +6 tower shield "Dimm" {Stlth+} (Okawaru
                  | gifted it to you on level 2 of the Lair of Beasts)
 15934 | Lair:2   | Received a gift from Okawaru
 16144 | Lair:2   | Found a staircase to the Swamp.
 16645 | Lair:3   | Noticed a fire dragon
 16685 | Lair:3   | Killed a fire dragon
 17105 | Lair:3   | Found a staircase to the Snake Pit.
 17111 | Lair:3   | Reached XP level 14. HP: 109/149 MP: 14/14
 18260 | Lair:4   | Reached skill level 1 in Throwing
 18638 | Lair:4   | Received a gift from Okawaru
 18639 | Lair:4   | Reached skill level 1 in Invocations
 18675 | Lair:4   | Noticed Sonja
 18677 | Lair:4   | Noticed Sonja
 18677 | Lair:4   | Sonja changed into Sonja the ice beast
 18680 | Lair:4   | Killed Sonja the ice beast
 19167 | Lair:5   | Entered Level 5 of the Lair of Beasts
 19257 | Lair:5   | Reached skill level 1 in Evocations
 19444 | Lair:5   | Received a gift from Okawaru
 19821 | Lair:5   | Found a viscous altar of Jiyva.
 19843 | Lair:5   | Reached skill level 5 in Evocations
 19883 | Lair:5   | Found a staircase to the Slime Pits.
 20032 | Lair:5   | Found a runed translucent door.
 20033 | Lair:5   | Noticed Josephine
 20046 | Lair:5   | Killed Josephine
 20106 | Lair:5   | Received a gift from Okawaru
 20229 | Lair:5   | Reached XP level 15. HP: 156/156 MP: 17/17
 20240 | Lair:5   | Reached skill level 5 in Invocations
 21248 | Lair:5   | Received a gift from Okawaru
 21879 | D:11     | Received a gift from Okawaru
 22184 | D:12     | Reached skill level 5 in Transmutations
 22487 | D:12     | Received a gift from Okawaru
 22755 | D:13     | Reached skill level 1 in Armour
 24127 | D:13     | Identified the +0 tower shield of Crawling {rElec Will+}
                  | (Okawaru gifted it to you on level 13 of the Dungeon)
 24127 | D:13     | Received a gift from Okawaru
 24317 | D:13     | Reached XP level 16. HP: 165/165 MP: 21/21
 24323 | D:13     | Learned a level 5 spell: Blade Hands
 24449 | D:13     | Found the +5 glaive of the Guard {elec, spectral, AC+5}
 24746 | D:13     | Found a blossoming altar of Fedhas.
 25350 | D:14     | Found a gate to the Vaults.
 25444 | D:15     | Entered Level 15 of the Dungeon
 25460 | D:15     | Found a staircase to the Depths.
 25590 | D:15     | Found a portal to a secret trove of treasure.
 25727 | D:15     | Received a gift from Okawaru
 25727 | D:15     | Found the +4 robe of Folly {Brilliance Will-∞ Int+8}
 26538 | Swamp:1  | Entered Level 1 of the Swamp
 26672 | Orc:1    | Entered Level 1 of the Orcish Mines
 26672 | Orc:1    | Found Zaschy Qian's Distillery.
 26741 | Orc:1    | Bought 2 potions of mutation for 288 gold pieces
 26741 | Orc:1    | Bought a potion of invisibility for 144 gold pieces
 26742 | Orc:1    | Identified a scroll of acquirement
 26745 | Orc:1    | Acquired the ring of Lubeqewieth {rF+ rC+ rN++ Str+8 Dex-3}
 26880 | Orc:2    | Entered Level 2 of the Orcish Mines
 26880 | Orc:2    | Noticed Nessos
 26880 | Orc:2    | Found a gate leading to a gauntlet.
 26885 | Orc:2    | Paralysed by an orc sorcerer for 5 turns
 27225 | Orc:2    | Killed Nessos
 27290 | Gauntlet | Entered a Gauntlet
 27290 | Gauntlet | Found a transporter.
 27290 | Gauntlet | Found a transporter.
 27303 | Gauntlet | Found a transporter.
 27303 | Gauntlet | Found a transporter.
 27306 | Gauntlet | Found a large runed translucent door.
 27307 | Gauntlet | Found a large runed translucent door.
 27308 | Gauntlet | Found a large runed translucent door.
 27308 | Gauntlet | Found a large runed translucent door.
 27308 | Gauntlet | Found a runed translucent door.
 27310 | Gauntlet | Found a runed translucent door.
 27312 | Gauntlet | Found a large runed translucent door.
 27313 | Gauntlet | Found a large runed translucent door.
 27314 | Gauntlet | Found a large runed translucent door.
 27314 | Gauntlet | Found a large runed translucent door.
 27315 | Gauntlet | Found a runed translucent gate.
 27317 | Gauntlet | Found a transporter.
 27337 | Gauntlet | Found a transporter.
 27396 | Gauntlet | Found a transporter.
 27421 | Gauntlet | Found a transporter.
 27664 | Gauntlet | Found a transporter.
 27672 | Gauntlet | Found a transporter.
 27775 | Gauntlet | Found a transporter.
 28001 | Orc:2    | Found a staircase to the Elven Halls.
 28037 | Orc:2    | Found Gadibro's Assorted Antiques.
 28037 | Orc:2    | Found Yhit's Book Shoppe.
 28037 | Orc:2    | Found Duuss's Assorted Antiques.
 28037 | Orc:2    | Found Cettaw's General Store.
 28086 | Orc:2    | Reached skill level 10 in Transmutations
 28454 | Orc:2    | Identified the +1 tower shield of the Ego {Str+5 Int+2}
                  | (Okawaru gifted it to you on level 2 of the Orcish Mines)
 28454 | Orc:2    | Received a gift from Okawaru
 28706 | Orc:2    | Reached skill level 13 in Fighting
 28813 | Orc:1    | Paralysed by an orc sorcerer for 3 turns
 29117 | Orc:2    | Bought a scroll of identify for 30 gold pieces
 29130 | Orc:2    | Found Hiken's Assorted Antiques.
 29169 | Orc:2    | Reached XP level 17. HP: 164/175 MP: 22/22
 29460 | Orc:2    | Bought a scroll of blinking for 112 gold pieces
 29460 | Orc:2    | Bought a potion of curing for 45 gold pieces
 29474 | Orc:2    | Bought a potion of haste for 330 gold pieces
 29474 | Orc:2    | Bought a scroll of blinking for 247 gold pieces
 29474 | Orc:2    | Bought a scroll of teleportation for 99 gold pieces
 30458 | Swamp:2  | Reached skill level 14 in Fighting
 32172 | Swamp:3  | Reached skill level 15 in Fighting
 32323 | Swamp:4  | Entered Level 4 of the Swamp
 32732 | Swamp:4  | Identified the +0 cloak of the Raven {rPois Will+ Dex+3
                  | Slay-3} (Okawaru gifted it to you on level 4 of the Swamp)
 32732 | Swamp:4  | Received a gift from Okawaru
 34165 | Swamp:4  | Noticed Bai Suzhen
 34397 | Swamp:3  | Killed Bai Suzhen
 34501 | Swamp:4  | Reached skill level 16 in Fighting
 34532 | Swamp:4  | Noticed Kirke
 34666 | Swamp:4  | Killed Kirke
 34922 | Swamp:4  | Reached XP level 18. HP: 190/196 MP: 23/23
 35814 | Swamp:4  | Got a decaying rune of Zot
 36271 | Snake:1  | Entered Level 1 of the Snake Pit
 36817 | Snake:1  | Received a gift from Okawaru
 37400 | Snake:2  | Noticed Aizul
 37414 | Snake:2  | Killed Aizul
 37678 | Snake:2  | Received a gift from Okawaru
 38496 | Snake:3  | Noticed Vashnia
 38752 | Snake:3  | Killed Vashnia
 39721 | Snake:3  | Identified the +2 robe "Xis Ute" {rC+ Dex-4 Slay+2}
                  | (Okawaru gifted it to you on level 3 of the Snake Pit)
 39721 | Snake:3  | Received a gift from Okawaru
 39902 | Snake:3  | Found Qyppij's Magic Scroll Shoppe.
 39902 | Snake:3  | Found Zoxtowet's Antique Armour Emporium.
 39903 | Snake:3  | Found Mubuxt's Antique Armour Shoppe.
 39907 | Snake:3  | Found Osal's Book Emporium.
 39917 | Snake:3  | Bought an Inescapable Atlas for 578 gold pieces
 39920 | Snake:3  | Bought a scroll of fear for 60 gold pieces
 39920 | Snake:3  | Bought a scroll of acquirement for 780 gold pieces
 39920 | Snake:3  | Bought a scroll of teleportation for 45 gold pieces
 39930 | Snake:3  | Acquired 747 gold pieces
 40480 | Snake:4  | Entered Level 4 of the Snake Pit
 42366 | Snake:4  | Found Seuntosi's Weapon Shop.
 42670 | Snake:4  | Reached XP level 19. HP: 201/204 MP: 24/24
 44978 | Snake:4  | Received a gift from Okawaru
 46120 | Snake:4  | Got a serpentine rune of Zot
 46747 | Vaults:1 | Entered Level 1 of the Vaults
 46768 | Vaults:1 | Received a gift from Okawaru
 47145 | Vaults:1 | Reached skill level 5 in Armour
 47276 | Vaults:1 | Identified the +1 scimitar of the Fortune-Teller {speed,
                  | Int+4 Dex+3} (Okawaru gifted it to you on level 1 of the
                  | Vaults)
 47276 | Vaults:1 | Received a gift from Okawaru
 48053 | Vaults:1 | Reached XP level 20. HP: 213/213 MP: 25/25
 49274 | Vaults:1 | You fall into a shaft and drop 1 floor!
 49328 | Vaults:2 | Identified the +0 troll leather armour "Coxusapt" {rPois
                  | Will+++ Regen+ rCorr Dex-2} (Okawaru gifted it to you on
                  | level 2 of the Vaults)
 49328 | Vaults:2 | Received a gift from Okawaru
 49632 | Vaults:1 | Learned a level 2 spell: Wereblood
 49648 | Vaults:1 | Demolished by an orc warlord

Illustrated notes

Levels and vault maps discovered:
D:1:      minmay_arrival_cross, layout_loops_ring,
          nicolae_ecumenical_snake_handling, minmay_pentomino_q4
D:2:      layout_basic, uniq_sigmund, uniq_jessica
D:3:      layout_basic, nicolae_uskayaw_dance_hall, vehumet_crystals,
          minmay_puff
D:4:      layout_cave_pods, mainiacjoe_overflow_paths, nicolae_overflow_squiral,
          gup_sewer_entry_bowl, corexii_leaking_fountain,
          kennysheep_cluttered_room, uniq_duvessa
D:5:      layout_cave_pools, biasface_ghost_orc_armoury, grunt_ministairs_14,
          uniq_blork_the_orc
D:6:      layout_loops_cross, nemelex_dance_club_becter,
          minmay_temple_entry_gardened_gates
D:7:      wander_river, layout_loops_corners, dk_yredelemnul_ordeal,
          mainiacjoe_overflow_big_doors, serial_shops, shop,
          minmay_ruined_shrine
D:8:      layout_loops_corners, serial_rivers, chequers_serial_rivers_small_b,
          chequers_serial_rivers_micro_a, chequers_serial_rivers_room_b,
          chequers_serial_rivers_large_a, worms_lemuel
D:9:      layout_layer_cave, due_lair_maze_entry_diamond, minmay_starry_boxes,
          uniq_maggie
D:10:     layout_long_grid, mainiacjoe_overflow_alcove_4,
          nicolae_ru_awakened_eye, orc_david_3, gammafunk_ghost_nasty_kobolds,
          uniq_gastronok
D:11:     layout_loops_ring
D:12:     layout_big_octagon, laboratory
D:13:     minmay_guarded_unrand_guard, layout_basic, fedhas_altar_4
D:14:     lemuel_slime, layout_cave_pools, david_vaults_4, nrook_campfire
D:15:     gammafunk_depths_entry_grave, layout_basic, serial_park_tiny_2,
          nicolae_trove_entry_diagonal
Temple:   chequers_temple_sunken
Lair:1:   layout_gridlike, portal_ice_cave_demonic_guard, ebering_ghost_xom,
          uniq_harold, uniq_urug, uniq_amaemon
Lair:2:   nzn_winding_woodlands_small [nzn_winding_woodlands_5x15_concentric,
          nzn_winding_woodlands_center_garden,
          nzn_winding_woodlands_5x15_sawtooth], layout_layer_cave,
          minmay_swamp_entry_reptiles, columned_hall_lemuel,
          grunt_forest_stairs_basic, uniq_fannar
Lair:3:   dragon1_lemuel, layout_cave_pods, minmay_snake_entry_guardpost_medium,
          serial_bayou_shore_a
Lair:4:   layout_regular_city, beast_lair_carwin_8, infiniplex_staircase_pool,
          uniq_sonja
Lair:5:   hangedman_lair_in_review, layout_regular_city, wormcave,
          nicolae_slime_entry_slimehenge, hangedman_lair_generics_rect,
          uniq_josephine
Swamp:1:  layout_falls_marsh, hangedman_swamp_cone, nicolae_swamp_baby_hydras,
          infiniplex_staircase_pool_2
Swamp:2:  layout_falls_marsh, nicolae_swamp_orc_logging_accident, swamp_pool4
Swamp:3:  layout_basic_swamp, evilmike_swamp_ruin_house_1
Swamp:4:  swamp_basic_johnstein, layout_basic_swamp, swamp_pool2,
          beargit_elvish_explorers, uniq_kirke, uniq_bai_suzhen
Snake:1:  layout_onion_interference
Snake:2:  layout_concentric_octagons, uniq_aizul
Snake:3:  layout_honeycomb, grunt_megastairs_4, minmay_shoptagon, uniq_vashnia
Snake:4:  grunt_snake_rune_pools, layout_cave_town, serial_shops,
          nicolae_shop_bloodbath_and_beyond
Orc:1:    layout_diamond_mine, serial_shops, shop
Orc:2:    st_orc_ogre_mass, layout_caves, gauntlet_entry_generic, serial_shops,
          nicolae_shop_advertising_works [nicolae_subvault_shop_adworks],
          uniq_nessos
Vaults:1: v_rooms_6, hangedman_vaults_restitches,
          nicolae_vaults_twisting_passages, vaults_room_pools,
          vaults_room_stairs_pillars, ontoclasm_vaults_eye, vaults_mumra_hex,
          vaults_standard_mumra_x, vaults_dpeg_hooks, layout_vaults_omnicross
Vaults:2: dpeg_vaults_hating_casters, minmay_crypt_entry_simple_walls,
          v_rooms_3, v_alt_pattern_5, vaults_dpeg_emergency_exit, v_misc_3,
          vaults_room_semicircle, vaults_room_pools, layout_vaults_quadrants,
          uniq_saint_roka, uniq_frederick, uniq_margery

Skill      XL: |  1  2  3  4  5  6  7  8  9 10 11 12 13 14 15 16 17 18 19 20 |
---------------+-------------------------------------------------------------+-----
Unarmed Combat | 4 6 8 9 10 13 14 | 14.0
Fighting       | 5 9 12 13 16 | 16.0
Dodging        | 6 10 12 | 12.0
Shields        | 6 8 10 | 10.0
Throwing       | 4 6 8 |  8.0
Invocations    | 4 6 |  6.0
Evocations     | 6 |  6.0
Transmutations | 6 10 12 14 | 14.6
Armour         | 4 6 |  6.0
Spellcasting   | 4 |  4.0

Action                   |  1- 3 |  4- 6 |  7- 9 | 10-12 | 13-15 | 16-18 | 19-21 || total
-------------------------+-------+-------+-------+-------+-------+-------+-------++-------
Melee: Unarmed           |    89 |   117 |   335 |   591 |  1511 |  1828 |   420 ||  4891
       Punch             |       |     3 |     9 |    22 |       |       |    23 ||    57
       Kick              |       |       |     1 |     2 |       |    14 |       ||    17
       Headbutt          |       |       |       |     1 |       |     7 |       ||     8
Throw: Dart              |       |     3 |       |       |       |       |       ||     3
       Boomerang         |       |       |     7 |     1 |       |       |       ||     8
       Large rock        |       |       |       |       |    21 |    96 |    77 ||   194
 Cast: Beastly Appendage |       |       |     1 |     1 |       |     5 |       ||     7
       Blade Hands       |       |       |       |       |       |     2 |    15 ||    17
Invok: Heroism           |       |       |     1 |    16 |    30 |    54 |    12 ||   113
       Finesse           |       |       |       |     2 |    10 |     9 |     2 ||    23
Evoke: Wand              |       |       |     3 |       |     1 |     6 |     1 ||    11
  Use: Potion            |       |     2 |       |     4 |     1 |     2 |     1 ||    10
       Scroll            |       |     3 |     8 |     7 |     8 |    13 |     1 ||    40
 Stab: Sleeping          |       |     2 |       |     7 |    15 |    14 |     2 ||    40
       Distracted        |       |     1 |       |     1 |     2 |     4 |     2 ||    10
Armor: Robe              |    32 |    29 |   121 |    15 |       |       |       ||   197
       Skin              |       |     2 |       |    15 |       |       |       ||    17
       Steam dragon scal |       |       |       |    75 |       |       |       ||    75
       Shadow dragon sca |       |       |       |   280 |   671 |   683 |   168 ||  1802
Dodge: Dodged            |    40 |    39 |   133 |   209 |   369 |   422 |   112 ||  1324
Block: Kite shield       |       |       |       |   177 |  1021 |  1554 |   227 ||  2979
       Reflection        |       |       |       |     3 |    18 |   118 |    55 ||   194
       Other             |       |       |       |       |       |       |    17 ||    17
